 Dungeon Crawl Stone Soup version 0.17.0-26-gececa24 (webtiles) character file.

467 Oni the Shield-Bearer (level 6, -6/48 HPs)
             Began as a Demonspawn Fighter on Nov 19, 2015.
             Killed by nerve-wracking pain
             ... invoked by Menkaure
              (12 damage)
             ... on level 4 of the Dungeon.
             The game lasted 00:15:16 (3422 turns).

Oni the Shield-Bearer (Demonspawn Fighter)          Turns: 3422, Time: 00:15:16

Health: -6/48      AC: 13    Str: 20    XL:     6   Next: 81%
Magic:  6/6        EV:  6    Int: 10    God:
Gold:   141        SH:  9    Dex: 12    Spells: 1 memorised, 3 levels left

rFire  . . .     SeeInvis +     a - +0 war axe
rCold  . . .     Clarity  .     i - +1 chain mail {rN+}
rNeg   + . .     SustAt   .     c - +0 shield
rPois  .         Gourm    .     (helmet restricted)
rElec  .         Spirit   .     f - +0 cloak
rCorr  .         Warding  .     h - +0 pair of gloves
rMut   .         Stasis   .     (no boots)
MR     .....                    (no amulet)
Stlth  ..........               (no ring)
                                g - ring of see invisible

@: not resistant to hostile enchantments, extremely unstealthy
A: horns 1, molten scales 1, breathe flames 2, strong 1, rot immunity
a: Breathe Fire


You were on level 4 of the Dungeon.
You were not hungry.

You visited 1 branch of the dungeon, and saw 4 of its levels.

You collected 141 gold pieces.

Inventory:

Hand Weapons
 a - a +0 war axe (weapon)
Armour
 c - a +0 shield (worn)
 f - a +0 cloak (worn)
 h - a +0 pair of gloves (worn)
 i - a +1 chain mail of positive energy (worn)
Jewellery
 g - a ring of see invisible (left hand)
Scrolls
 b - 2 scrolls of identify
 d - a scroll of teleportation
 m - 2 scrolls of amnesia
Potions
 j - 2 potions of agility
 l - 4 potions of curing
Comestibles
 e - 3 bread rations


   Skills:
 + Level 4.0 Fighting
 + Level 3.5 Axes
 + Level 3.3 Armour
 + Level 2.6 Dodging
 + Level 0.4 Stealth
 + Level 4.4 Shields


You had 3 spell levels left.
You knew the following spells:

 Your Spells              Type           Power        Failure   Level  Hunger
a - Corpse Rot            Necr           N/A          100%        2    ###....


Dungeon Overview and Level Annotations

Branches:
Dungeon (4/15)             Temple (0/1) D:4

Altars:
Kikubaaqudgha
Ru
Yredelemnul

Annotations:
D:4 Menkaure


Innate Abilities, Weirdness & Mutations

You have a pair of small horns on your head.
You are partially covered in molten scales (AC +1).
You are immune to rotting.
You can breathe fire.
Your muscles are strong. (Str +2)


Message History

The worker ant barely misses you.
Menkaure gestures at you while chanting.
Pain shoots through your body!
* * * LOW HITPOINT WARNING * * *
You hit Menkaure.
Menkaure is almost destroyed.
Your chain mail prevents you from hitting the worker ant.
The worker ant is heavily wounded.
You block the worker ant's attack. You block Menkaure's attack.
You hit Menkaure but do no damage.
You headbutt Menkaure, but do no damage.
Menkaure is almost destroyed.
You hit the worker ant but do no damage.
The worker ant is heavily wounded.
The worker ant bites you.
* * * LOW HITPOINT WARNING * * *
You block Menkaure's attack. You block the worker ant's attack.
Menkaure points at you and mumbles some strange words.
Pain shoots through your body!
You die...

#.........##.......
#............#
#..........###
#.........##
######..>......#
#..............#
########..............#
................Ma....#
##........†.....@.....#
##.#####÷.............#
#.÷####)..)..#.......##
..#...)).....##.....##
....###......########
<######......# .##
#........#
..###..(..####
..........#


You could see Menkaure and a worker ant.

Vanquished Creatures
  A centaur (D:3)
  A scorpion (D:3)
  A vampire bat (D:4)
  2 orc wizards (D:4)
  3 worker ants (D:4)
  Robin (D:3)
  3 adders
  2 oozes
  5 worms
  2 giant geckos
  5 orcs
  8 bats
  A bat skeleton (D:4)
  3 bat zombies (D:4)
  7 giant cockroaches
  20 goblins
  10 hobgoblins
  4 ball pythons
  2 giant newts
  8 jackals
  6 kobolds
  3 quokkas
  11 rats
  A plant (D:3)
110 creatures vanquished.

Notes
Turn   | Place    | Note
--------------------------------------------------------------
     0 | D:1      | Oni the Demonspawn Fighter began the quest for the Orb.
     0 | D:1      | Reached XP level 1. HP: 18/18 MP: 1/1
   146 | D:1      | Gained mutation: You have a pair of small horns on your head. [demonic ancestry]
   146 | D:1      | Reached XP level 2. HP: 21/24 MP: 2/2
  1079 | D:2      | Gained mutation: You are immune to rotting. [demonic ancestry]
  1079 | D:2      | Reached XP level 3. HP: 29/29 MP: 3/3
  1114 | D:2      | Reached skill level 1 in Dodging
  1160 | D:2      | Found a sacrificial altar of Ru.
  1214 | D:2      | Learned a level 2 spell: Corpse Rot
  1607 | D:2      | Reached XP level 4. HP: 31/35 MP: 4/4
  1757 | D:3      | Noticed a centaur
  1774 | D:3      | Killed a centaur
  1774 | D:3      | Reached XP level 5. HP: 14/41 MP: 5/5
  2240 | D:3      | Noticed Robin
  2253 | D:3      | Killed Robin
  2879 | D:3      | Gained mutation: You are partially covered in molten scales (AC +1). [demonic ancestry]
  2879 | D:3      | Reached XP level 6. HP: 48/48 MP: 6/6
  3032 | D:4      | Reached skill level 4 in Shields
  3071 | D:4      | Found a staircase to the Ecumenical Temple.
  3107 | D:4      | Gained mutation: You can breathe flames. [potion of mutation]
  3107 | D:4      | Gained mutation: Your muscles are strong. (Str +2) [potion of mutation]
  3107 | D:4      | Gained mutation: You can breathe fire. [potion of mutation]
  3143 | D:4      | Found an ancient bone altar of Kikubaaqudgha.
  3260 | D:4      | Found a basalt altar of Yredelemnul.
  3399 | D:4      | Noticed Menkaure
  3422 | D:4      | Killed from afar by Menkaure

Action                   |  1- 3 |  4- 6 || total
-------------------------+-------+-------++-------
Melee: War axe           |   127 |   195 ||   322
  Use: Potion            |     7 |     5 ||    12
       Scroll            |     7 |     2 ||     9
  Eat: Beef jerky        |     1 |     1 ||     2
       Pizza             |       |     1 ||     1
       Bread ration      |       |     1 ||     1
